 Seeded DCSS version 0.29-a0-344-ge2f44be95a (webtiles) character file.

Game seed: 300672265412337989 (custom seed)

147 zeratav the Cutter (level 5, 0/27 HPs)
             Began as a Vine Stalker Fighter on Apr 22, 2022.
             Killed by divine providence
             ... invoked by an orc priest
              (10 damage)
             ... on level 3 of the Dungeon.
             The game lasted 00:03:04 (2293 turns).

zeratav the Cutter (Vine Stalker Fighter)           Turns: 2293, Time: 00:03:04

Health: 0/27       AC: 10    Str: 18    XL:     5   Next: 29%
Magic:  0/6        EV: 13    Int:  8    God:
Gold:   48         SH:  5    Dex: 16    Spells: 4/4 levels left

rFire   . . .      SeeInvis .   a - +0 rapier {short}
rCold   . . .      Faith    .   c - +0 buckler
rNeg    . . .      Spirit   +   b - +0 scale mail
rPois   .          Reflect  .   (no helmet)
rElec   .          Harm     .   (no cloak)
rCorr   .          Rampage  .   (no gloves)
Will    .....                   (no boots)
Stlth   ..........              (no amulet)
HPRegen 0.89/turn               g - +4 ring of protection
MPRegen 0.10/turn               k - +4 ring of evasion

@: no status effects
A: fangs 2, regeneration 1, magic shield, antimagic bite, no potion heal 2
a: no special abilities


You were on level 3 of the Dungeon.
You visited 1 branch of the dungeon, and saw 3 of its levels.

You collected 48 gold pieces.


Innate Abilities, Weirdness & Mutations

You have extremely sharp teeth.
Your natural rate of healing is unusually fast.
When hurt, damage is shared between your health and your magic reserves.
Your bite disrupts and absorbs the magic of your enemies.
Potions cannot restore your health.


   Skills:
 - Level 2.6 Fighting
 + Level 4.8 Short Blades
 - Level 2.4 Armour
 - Level 2.6 Shields


You had 4 spell levels left.
You didn't know any spells.
Your spell library contained the following spells:

 Spells                   Type           Power      Damage    Failure   Level
 Ozocubu's Armour         Ice            0%         N/A       99%         3
 Metabolic Englaciation   Hex/Ice        0%         N/A       100%        5
 Simulacrum               Ice/Necr       0%         N/A       100%        6

Inventory:

Hand Weapons
 a - a +0 rapier (weapon) {short}
 s - a +2 whip of electrocution {mace}
   (You took it off a kobold on level 3 of the Dungeon)
 v - a +1 dagger of venom {short}
   (You found it on level 2 of the Dungeon)
Armour
 b - a +0 scale mail (worn)
 c - a +0 buckler (worn)
 h - a +0 robe
   (You found it on level 1 of the Dungeon)
 j - a +0 robe
   (You found it on level 1 of the Dungeon)
 m - a +0 robe
   (You found it on level 2 of the Dungeon)
 o - a +0 ring mail
   (You took it off Terence on level 2 of the Dungeon)
 p - a +0 robe
   (You found it on level 2 of the Dungeon)
 q - a +0 ring mail
   (You found it on level 2 of the Dungeon)
 u - a +0 scale mail
   (You found it on level 2 of the Dungeon)
Jewellery
 e - a ring of protection from fire
   (You found it on level 1 of the Dungeon)
 g - a +4 ring of protection (left hand)
   (You acquired it on level 3 of the Dungeon)
 k - a +4 ring of evasion (right hand)
   (You found it on level 1 of the Dungeon)
Scrolls
 i - a scroll of vulnerability {!r!r}
 l - a scroll of amnesia
 w - a scroll of fog
 x - a scroll of torment {unknown}
 y - a scroll of identify {@r1}
 z - a scroll of teleportation {unknown}
 A - a scroll of enchant armour {unknown}
Potions
 d - a potion of might
 f - a potion of heal wounds {unknown}
 n - 2 potions of brilliance {unknown}
 r - a potion of flight {unknown}
 t - 3 potions of degeneration {unknown}

Dungeon Overview and Level Annotations

Branches:
Dungeon (3/15)

Altars:
Gozag

Annotations:
D:2 1 runed translucent door, Crazy Yiuf

## .o o# #.###
.... #... ..#
#.#.# ####o<## #
#.... #.og...#.
.##....
##@##.......
...>..
#..o....####
#.... #..#..#.#
#.... #..#.##.#
#.... #..#.##.#
#.... #.......#
##... ##......#
##.... ###.##.##
##.....
#.#...####......


You could see an orc priest, 2 orcs and a goblin.


Message History

No target in view!
No target in view!
No target in view!
No target in view!
No target in view!
No target in view!
No target in view!
No target in view!
No target in view!
z - a scroll labelled BEGIKK JUNN HP[+3] MP[+1]
Your hp is fully restored (27).
Your mp is fully restored (6).
You open the door.
There is an open door here.
A - a scroll labelled OFUYRO ZINUO
Found a stone staircase leading up.
An orc wizard and an orc priest come into view.
The orc priest shouts!
You hear a shout!
The orc priest calls down the wrath of Beogh upon you.
Beogh smites you!
HP[-7] MP[-2]
You take 7 damage, and now have 20/27 hp.
MASSIVE DAMAGE!! (PAUSE)
You lost 2 mp, and now have 4/6 mp.
You are too injured to fight recklessly!
HP[+1] HP[+1] HP[+1] HP[+1] HP[+1]
An orc wizard is nearby!
The orc wizard gestures at you while chanting.
You resist with some effort.
HP[+1]
The orc wizard hits you but does no damage.
HP[+1]
Your hp is fully restored (27).
You closely miss the orc wizard. You bite the orc wizard.
The orc wizard's magic leaks into the air.
You drain its magic.
You feel invigorated.
The orc wizard hits you but does no damage.
The orc priest mumbles some strange prayers to Beogh against you.
Beogh smites you!
Ouch! That really hurt!
* * * LOW HITPOINT WARNING * * *
HP[-14] MP[-1]
You take 14 damage, and now have 13/27 hp.
MASSIVE DAMAGE!! (PAUSE)
You lost 1 mp, and now have 3/6 mp.
You hit the orc wizard. Your bite misses the orc wizard.
The orc wizard hits you but does no damage.
HP[+1] MP[+1]
You hit the orc wizard. The orc wizard barely misses you.
The orc priest looks encouraged for a moment.
HP[+1]
You miss the orc wizard. You block the orc wizard's attack.
A goblin comes into view. It is wielding a +0 dagger of pain.
The orc priest hits you with a +0 club.
* * * LOW HITPOINT WARNING * * *
An orc comes into view. It is wielding a +0 dagger.
HP[-2]
You take 2 damage, and now have 13/27 hp.
You closely miss the orc wizard.
The goblin shouts!
You bite the orc wizard.
The orc wizard's magic leaks into the air.
You drain its magic.
You feel invigorated.
HP[+1] MP[+2]
Your mp is fully restored (6).
You hit the orc wizard.
The orc wizard gestures at you while chanting.
You resist with some effort.
The orc priest hits you but does no damage.
The orc wizard casts a spell at you. The magic dart hits you.
The orc priest calls down the wrath of Beogh upon you.
You struggle to resist.
You hit the orc wizard.
You kill the orc wizard!
The orc priest misses you.
HP[+1]
The orc priest hits you but does no damage.
An orc comes into view. It is wielding a +0 short sword.
The orc completely misses you.
HP[+1]
The orc priest calls down the wrath of Beogh upon you.
Beogh smites you!
* * * LOW HITPOINT WARNING * * *
The orc hits you with a +0 dagger.
* * * LOW HITPOINT WARNING * * *
HP[-8] MP[-3]
You take 8 damage, and now have 8/27 hp.
MASSIVE DAMAGE!! (PAUSE)
You lost 3 mp, and now have 3/6 mp.
The orc priest hits you but does no damage.
The orc closely misses you.
HP[+1]
The orc priest invokes the aid of Beogh against you.
Beogh smites you!
You die...

Skill      XL: |  1  2  3 |
---------------+----------+-----
Short Blades   | 2 3 4 |  4.8
Fighting       | |  2.6
Armour         | |  2.4
Shields        | |  2.6

Action                   |  1- 3 |  4- 6 || total
-------------------------+-------+-------++-------
Melee: Rapier            |   112 |    48 ||   160
       Bite              |    26 |    13 ||    39
  Use: Potion            |     1 |       ||     1
       Scroll            |       |     4 ||     4
Armor: Scale mail        |    40 |    18 ||    58
Dodge: Dodged            |    51 |    23 ||    74
Block: Buckler           |    26 |     9 ||    35

Levels and vault maps discovered:
D:1:      nicolae_arrival_washed_ashore, layout_rooms
D:2:      minmay_diamond_boxcup, layout_basic, basic_altar, minmay_door_square,
          minmay_cut_off, uniq_terence, uniq_crazy_yiuf_cottage
D:3:      layout_loops_corners, hangedman_abyss_or_decor_stabs, uniq_ijyb

Notes
Turn   | Place    | Note
-------+----------+-------------------------------------------
     0 | D:1      | zeratav the Vine Stalker Fighter began the quest for the
                  | Orb.
     0 | D:1      | Reached XP level 1. HP: 11/11 MP: 2/2
     0 | D:1      | magus.rc [v1.9.6]
    21 | D:1      | Reached skill level 2 in Short Blades
   183 | D:1      | Reached XP level 2. HP: 15/16 MP: 3/3
   203 | D:1      | You pick up a book of Winter and begin reading...
   203 | D:1      | You add the spells Ozocubu's Armour, Metabolic Englaciation
                  | and Simulacrum to your library.
   380 | D:1      | Reached skill level 3 in Short Blades
   504 | D:1      | Reached XP level 3. HP: 8/19 MP: 2/4
   899 | D:2      | Found an opulent altar of Gozag.
  1303 | D:2      | Noticed Terence
  1312 | D:2      | Killed Terence
  1313 | D:2      | Reached skill level 4 in Short Blades
  1313 | D:2      | Gained mutation: Your natural rate of healing is unusually
                  | fast. [Vine Stalker growth]
  1313 | D:2      | Reached XP level 4. HP: 20/23 MP: 5/5
  1784 | D:2      | Found a runed translucent door.
  1785 | D:2      | Noticed Crazy Yiuf
  2023 | D:3      | Identified a scroll of acquirement
  2023 | D:3      | Acquired a +4 ring of protection
  2100 | D:3      | Reached XP level 5. HP: 27/27 MP: 6/6
  2293 | D:3      | Killed from afar by an orc priest

Vanquished Creatures
  Terence (D:2)
  An orc wizard (D:3)
  3 adders
  A worm (D:2)
  3 dart slugs
  An orc (D:3)
  4 bats
  4 endoplasms
  4 giant cockroaches
  5 goblins
  4 hobgoblins
  3 jackals (D:1)
  2 quokkas (D:3)
  5 ball pythons
  3 frilled lizards (D:2)
  6 kobolds
  9 rats
59 creatures vanquished.

Table legend:
 A = Non-vault XP
 B = Vault XP
 C = Vault XP percentage of total XP
 D = Non-vault monster count
 E = Vault monster count
 F = Vault count percentage of total count
                 A         B        C        D         E       F
            +---------+---------+-------+---------+---------+-------
      Total |     139 |      71 |  33.8 |      49 |      10 |  16.9
            +---------+---------+-------+---------+---------+-------
        D:1 |      45 |       0 |   0.0 |      26 |       0 |   0.0
        D:2 |      18 |      71 |  79.8 |      12 |      10 |  45.5
        D:3 |      76 |       0 |   0.0 |      11 |       0 |   0.0
            +---------+---------+-------+---------+---------+-------

Illustrated notes

Table legend:
 A = Kills in this place as a percentage of kills in entire the game.
 B = Kills by you in this place as a percentage of kills by you in the entire game.
 C = Kills by friends in this place as a percentage of kills by friends in the entire game.
 D = Other kills in this place as a percentage of other kills in the entire game.
 E = Experience gained in this place as a percentage of experience gained in the entire game.
 F = Experience gained in this place divided by the number of levels of this place that you have seen.
                   A       B       C       D       E      F
               +-------+-------+-------+-------+-------+----------------------
         Total | 100.0 | 100.0 |   N/A |   N/A | 100.0 |  70.0
       Dungeon | 100.0 | 100.0 |   N/A |   N/A | 100.0 |  70.0
               +-------+-------+-------+-------+-------+----------------------

Table legend: (Time is in decaauts)
 A = Elapsed time spent in this place.
 B = Non-inter-level travel time spent in this place.
 C = Inter-level travel time spent in this place.
 D = Time resting spent in this place.
 E = Time spent auto-exploring this place.
 F = Levels seen in this place.
 G = Mean time per level.
                   A        B        C        D        E       F      G
               +--------+--------+--------+--------+--------+-----+--------+
         Total |   2301 |   2259 |     42 |      0 |   1905 |   3 |  767.0 |
       Dungeon |   2301 |   2259 |     42 |      0 |   1905 |   3 |  767.0 |
               +--------+--------+--------+--------+--------+-----+--------+

Top non-repeatable levels by time:
     D:2: 1090 daAuts
     D:1: 904 daAuts
     D:3: 305 daAuts
